Map: Terrasses de Prion

Players

Romango

  • Race: Protoss Protoss
  • League: Silver

pupu - Winner!

  • Race: Protoss Protoss
  • League: Silver

VOD

Have the link to the VOD?

Description

Time

  • Played on: April 3, 2016, 8:08 a.m.
  • Length: 8:38
Show
View Real Time Build Order
Export as new Build Order

Romango Protoss 

Build Orders:  

Get SALT Encoding   

  12  0:03  Probe (Chrono Boost)  
  13  0:13  Probe (Chrono Boost)  
  14  0:18  Pylon  
  14  0:24  Pylon  
  14  0:26  Probe (Chrono Boost)  
  15  0:43  Probe (Chrono Boost)  
  15  0:45  Gateway  
  16  0:52  Forge  
  16  1:05  Probe (Chrono Boost)  
  17  1:16  Probe (Chrono Boost)  
  18  1:36  Zealot (Chrono Boost)  
  20  1:50  Probe, Assimilator  
  21  1:55  Nexus, Assimilator  
  21  2:02  Probe  
  22  2:14  Probe  
  23  2:30  Photon Cannon  
  23  2:32  Photon Cannon  
  23  2:45  Cybernetics Core  
  23  2:52  Gateway  
  23  2:57  Protoss Ground Weapons Level 1  
  23  3:07  Probe  
  24  3:19  Probe  
  25  3:22  Pylon  
  25  3:25  Pylon  
  25  3:31  Probe  
  26  3:54  Stargate x2  
  26  3:58  Gateway  
  26  4:15  Probe  
  27  4:17  Pylon  
  27  4:25  Warp Gate  
  27  4:26  Probe  
  28  4:36  Probe  
  28  4:37  Stargate  
  29  4:45  Assimilator  
  29  4:47  Probe, Oracle (Chrono Boost)  
  29  4:48  Assimilator  
  33  4:59  Probe  
  34  5:11  Probe  
  35  5:15  Gateway  
  35  5:17  Gateway  
  35  5:19  Gateway x2  
  35  5:23  Probe  
  36  5:35  Probe  
  33  5:48  Probe  
  17  6:00  Probe  
  15  6:12  Void Ray x2 (Chrono Boost)  
  27  6:42  Void Ray (Chrono Boost)  
  27  6:48  Probe  
  28  7:00  Probe  
  29  7:12  Probe  
  30  7:24  Probe  
  31  7:36  Probe  
  32  7:48  Void Ray x2 (Chrono Boost)  
  40  7:56  Probe  
  38  8:08  Probe  
  39  8:20  Probe  
Show
View Real Time Build Order
Export as new Build Order

pupu Protoss - Winner!

Build Orders: Oracle Opening 

Get SALT Encoding   

  12  0:01  Probe (Chrono Boost)  
  13  0:11  Probe (Chrono Boost)  
  14  0:18  Pylon  
  14  0:23  Probe (Chrono Boost)  
  15  0:37  Probe (Chrono Boost)  
  16  0:42  Gateway  
  16  0:47  Probe (Chrono Boost)  
  17  0:58  Probe (Chrono Boost)  
  18  1:08  Probe (Chrono Boost)  
  19  1:22  Probe (Chrono Boost)  
  20  1:30  Pylon  
  20  1:35  Probe (Chrono Boost)  
  20  1:44  Cybernetics Core  
  20  1:48  Probe (Chrono Boost)  
  20  1:49  Nexus  
  21  1:56  Assimilator  
  21  1:59  Assimilator  
  21  2:02  Pylon  
  21  2:04  Probe (Chrono Boost)  
  22  2:20  Zealot  
  22  2:21  Probe (Chrono Boost)  
  25  2:39  Gateway  
  25  2:41  Gateway  
  26  2:44  Probe (Chrono Boost)  
  26  2:51  Stargate  
  26  2:54  Probe (Chrono Boost)  
  27  3:00  Warp Gate (Chrono Boost)  
  27  3:06  Probe, Adept  
  27  3:07  Probe  
  31  3:15  Assimilator  
  31  3:18  Pylon  
  31  3:20  Pylon  
  31  3:21  Probe  
  31  3:23  Probe  
  33  3:29  Sentry  
  35  3:40  Probe  
  35  3:42  Probe  
  37  3:48  Pylon  
  37  3:49  Oracle (Chrono Boost)  
  40  3:55  Probe  
  40  3:57  Probe  
  42  4:06  Probe, Pylon  
  42  4:09  Probe  
  44  4:10  Sentry  
  44  4:11  Pylon  
  37  4:17  Stalker  
  46  4:20  Stalker  
  50  4:26  Oracle  
  50  4:35  Probe x2  
  55  4:39  Assimilator  
  55  4:47  Probe x2  
  57  4:52  Gateway  
  57  4:55  Gateway  
  57  4:56  Gateway  
  57  4:58  Void Ray  
  61  5:09  Probe x2  
  63  5:15  Pylon  
  63  5:21  Probe  
  63  5:22  Probe, Pylon  
  63  5:27  Stalker x2  
  63  5:28  Stalker  
  61  6:30  Stalker x3  
  61  6:31  Void Ray  
  71  7:00  Stalker x3  
  77  7:07  Stalker x3  
  83  7:14  Nexus  
  83  7:17  Pylon  
  83  7:19  Pylon  
  83  7:21  Assimilator  
  83  7:24  Gateway  
  83  7:28  Probe x2  
  85  7:40  Probe x2  
  85  7:42  Stalker x4  
  95  7:44  Zealot  
  95  7:45  Zealot  
  99  7:52  Probe  
Tags
 
Add a new tag
Caveats
  • Supply blocks, unpowered buildings, or Contaminate may cause inaccurate times.
  • Supply counts are checked every 10 seconds.